 Dungeon Crawl Stone Soup version 0.30-a0-782-ge64f9170bb (webtiles) character file.

Game seed: 1878660413999012097

4963 funkygono the Arsonist (level 10, -5/54 HPs)
             Began as a Gargoyle Fire Elementalist on Feb 21, 2023.
             Was an Elder of Sif Muna.
             Slain by a vault guard
             ... wielding a +0 broad axe
              (12 damage)
             ... in a bailey on Feb 22, 2023.
             The game lasted 00:17:47 (10154 turns).

funkygono the Arsonist (GrFE)                      Turns: 10154, Time: 00:17:48

Health: -5/54      AC: 18    Str: 11    XL:     10   Next: 53%
Magic:  7/22       EV: 12    Int: 21    God:    Sif Muna [****..]
Gold:   447        SH:  0    Dex: 10    Spells: 16/26 levels left

rFire   . . .      SeeInvis .    n - +3 hammer (protect)
rCold   . . .      Faith    .    (no shield)
rNeg    + . .      Spirit   .    b - +0 steam dragon scales
rPois   ∞          Reflect  .    d - +0 helmet
rElec   +          Harm     .    m - +1 cloak
rCorr   .          Rampage  .    g - +1 pair of gloves
Will    .....                    h - +0 pair of boots
Stlth   ++                       (no amulet)
HPRegen 0.29/turn                (no ring)
MPRegen 0.18/turn                (no ring)

@: no status effects
A: sickness immunity, AC +7, negative energy resistance 1, electricity
resistance, torment resistance 1, petrification resistance
a: Renounce Religion, Channel Magic, Forget Spell, Divine Exegesis


You were in a bailey.
You worshipped Sif Muna.
Sif Muna was greatly pleased with you.
You visited 2 branches of the dungeon, and saw 9 of its levels.
You also visited: Bailey.

You collected 447 gold pieces.

Inventory:

Hand Weapons
 e - a +1 whip of draining
 l - a +3 quarterstaff of chaos
 n - a +3 hammer of protection (weapon)
 u - a +2 whip of distortion
 v - a +1 vampiric whip
 A - the +2 great sword "Tormentor" {venom, Dex+3}
   (You found it on level 5 of the Dungeon)

   Dex:       It affects your dexterity (+3).
Missiles
 t - 6 throwing nets
Armour
 a - a +0 robe
 b - +0 steam dragon scales (worn)
 d - a +0 helmet (worn)
 g - a +1 pair of gloves (worn)
 h - a +0 pair of boots (worn)
 m - a +1 cloak (worn)
 p - the +1 ring mail of Byteuril {Int+3}
   (You found it on level 3 of the Dungeon)

   Int:       It affects your intelligence (+3).
 w - a scarf of resistance
Wands
 q - a wand of digging (6)
 y - a wand of roots (6)
Scrolls
 c - a scroll of fear
 k - a scroll of teleportation
Potions
 f - a potion of resistance {unknown}
 i - a potion of flight
 j - 2 potions of mutation
 o - a potion of attraction
 s - a potion of ambrosia
 x - 4 potions of might
 z - 5 potions of curing


   Skills:
 + Level 2.6 Fighting
 + Level 1.7 Maces & Flails
 + Level 3.4 Dodging
 - Level 2.1 Stealth
 + Level 8.8 Spellcasting
 + Level 7.4 Conjurations
 + Level 0.1 Translocations
 + Level 9.2 Fire Magic
 + Level 0.1 Air Magic
 + Level 0.1 Invocations


You had 16 spell levels left.
You knew the following spells:

 Your Spells              Type           Power      Damage    Failure   Level
a - Foxfire               Conj/Fire      100%       2x1d9     1%          1
b - Scorch                Fire           96%        2d10      1%          2
c - Kindle Blastsparks    Fire/Tloc/Air  44%        2d13      6%          3
d - Flame Wave            Conj/Fire      44%        2d11      2%          4

Your spell library contained the following spells:

 Spells                   Type           Power      Damage    Failure   Level
 Sticky Flame             Conj/Fire      44%        2d6       2%          4
 Inner Flame              Hex/Fire       28%        N/A       3%          3
 Hailstorm                Conj/Ice       24%        3d7       4%          3
 Ignite Poison            Fire/Tmut/Pois 22%        N/A       6%          3
 Freeze                   Ice            36%        1d5       8%          1
 Frozen Ramparts          Ice            18%        1d3       22%         3
 Freezing Cloud           Conj/Ice/Air   9%         6-21      58%         5
 Simulacrum               Ice/Necr       4%         N/A       100%        6
 Polar Vortex             Ice            4%         N/A       100%        9


Dungeon Overview and Level Annotations

Branches:
Dungeon (8/15)             Temple (1/1) D:5          Bailey (1/1)
   Lair: D:8-11

Altars:
Ashenzari
Cheibriados
Dithmenos
Elyvilon
Fedhas
Hepliaklqana
Makhleb
Nemelex Xobeh
Okawaru
Qazlal
Ru
Sif Muna
Trog
Uskayaw
Wu Jian
Xom
Yredelemnul
Zin
The Shining One

Shops:
D:1 (   D:3 [


Innate Abilities, Weirdness & Mutations

You are immune to sickness and miasma.
Your stone body is resilient. (AC +7)
You are immune to poison.
You resist negative energy. (rN+)
You are resistant to electric shocks. (rElec)
You are resistant to unholy torment.
You are immune to petrification.


Message History

There is an open door here.
Casting: Flame Wave (dangerous; 2% risk of failure)
Confirm with . or Enter, or press ? or * to list all spells.
You conjure some foxfire!
The vault guard hits you with a +0 broad axe.
* * * LOW HITPOINT WARNING * * *
The vault guard hits your foxfire with a +0 broad axe!
Casting: Foxfire (safe; 1% risk of failure)
Confirm with . or Enter, or press ? or * to list all spells.
Flames lash the vault guard.
The vault guard is severely wounded.
The vault guard's fire resistance burns away.
The foxfire hits the vault guard but does no damage.
The vault guard is severely wounded.
The foxfire hits the vault guard.
The vault guard is severely wounded.
The vault guard hits you but does no damage.
Unknown command.
Casting: Scorch (safe; 1% risk of failure)
Confirm with . or Enter, or press ? or * to list all spells.
You conjure some foxfire!
The vault guard hits you with a +0 broad axe.
* * * LOW HITPOINT WARNING * * *
The vault guard hits your foxfire with a +0 broad axe!
Casting: Foxfire (safe; 1% risk of failure)
Confirm with . or Enter, or press ? or * to list all spells.
Flames lash the vault guard but do no damage.
The foxfire hits the vault guard.
The vault guard is severely wounded.
The foxfire hits the vault guard.
The vault guard is severely wounded.
The vault guard hits you with a +0 broad axe.
* * * LOW HITPOINT WARNING * * *
Unknown command.
Casting: Scorch (safe; 1% risk of failure)
Confirm with . or Enter, or press ? or * to list all spells.
You conjure some foxfire!
The vault guard is no longer more vulnerable to fire.
The vault guard hits you with a +0 broad axe!
You die...

#≈~~~.~..~≈#
##.#≈~~~~..~≈##
##..##≈~~~..†≈#
##....#≈~≈≈~.~≈#
#.....##≈##≈.~≈##
......####≈..~≈#
.....'..#≈..~§#
##'####..###p###
##~)~##...#.v@..#
#~~)~~#...#..§v.#
#~~~~~#...####..#
#~~~÷~#....#....#
##~~#)#'#......##
####.).##....##
#.))..######
#.∩.∩.# #.....#


You could see a vault guard (ally target).

Vanquished Creatures
  Prince Ribbit (Bailey)
  4 humans (Bailey)
  2 steam dragons
  A water moccasin (D:8)
  2 wargs (D:7)
  Duvessa (D:5)
  A sky beast (D:6)
  3 ogres
  An orc warrior (D:8)
  A centaur (D:7)
  A phantom (D:7)
  3 kobold brigands
  10 bullfrogs
  3 scorpions
  10 wights (D:8)
  Dowan (D:5)
  2 howler monkeys (D:5)
  3 hounds
  Crazy Yiuf (D:2)
  3 gnoll boudas
  4 orc priests
  2 jellies
  7 iguanas
  9 orc wizards
  25 gnolls
  8 adders
  2 worms
  A dart slug (D:5)
  42 orcs
  8 endoplasms
  4 giant cockroaches
  10 hobgoblins
  19 jackals
  13 kobolds
  4 quokkas
  9 ball pythons
  10 bats
  6 goblins
  8 rats
245 creatures vanquished.

Vanquished Creatures (collateral kills)
  4 foxfires
4 creatures vanquished.

Vanquished Creatures (others)
  860 foxfires
  3 fungi (D:2)
  4 plants
867 creatures vanquished.

Grand Total: 1116 creatures vanquished

Notes
Turn   | Place    | Note
-------+----------+-------------------------------------------
     0 | D:1      | funkygono the Gargoyle Fire Elementalist began the quest
                  | for the Orb.
     0 | D:1      | Reached XP level 1. HP: 10/10 MP: 3/3
   165 | D:1      | Reached XP level 2. HP: 15/15 MP: 1/5
   168 | D:1      | Learned a level 2 spell: Scorch
   497 | D:1      | Found Xurr's Weapon Emporium.
   549 | D:1      | Reached XP level 3. HP: 19/19 MP: 1/6
   553 | D:1      | Learned a level 3 spell: Kindle Blastsparks
  1571 | D:2      | Reached XP level 4. HP: 24/24 MP: 3/7
  1621 | D:2      | Identified the +2 ring mail of the Game of Kings {Dex+3}
  2220 | D:2      | Found a runed translucent door.
  2221 | D:2      | Noticed Crazy Yiuf
  2228 | D:2      | Killed Crazy Yiuf
  2229 | D:2      | Reached skill level 4 in Fire Magic
  2375 | D:3      | Found Yklepyni's Antique Armour Shoppe.
  2513 | D:3      | Reached XP level 5. HP: 28/28 MP: 4/9
  3016 | D:3      | Identified the +1 ring mail of Byteuril {Int+3}
  3881 | D:4      | Learned a level 4 spell: Flame Wave
  4798 | D:5      | Entered Level 5 of the Dungeon
  4798 | D:5      | Noticed an ogre
  4798 | D:5      | Found a staircase to the Ecumenical Temple.
  4803 | D:5      | Killed an ogre
  4804 | D:5      | Reached XP level 6. HP: 24/33 MP: 4/12
  4872 | Temple   | Entered the Ecumenical Temple
  4877 | Temple   | Became a worshipper of Sif Muna the Loreminder
  5308 | D:5      | Reached skill level 5 in Fire Magic
  5389 | D:5      | Reached skill level 1 in Maces & Flails
  5389 | D:5      | Reached XP level 7. HP: 37/37 MP: 6/13
  5586 | D:5      | Reached skill level 1 in Fighting
  5911 | D:5      | Reached * piety under Sif Muna
  6104 | D:5      | Reached skill level 5 in Spellcasting
  6282 | D:5      | Reached skill level 6 in Fire Magic
  6463 | D:5      | Reached XP level 8. HP: 43/43 MP: 11/15
  6940 | D:5      | Reached ** piety under Sif Muna
  7014 | D:5      | Noticed Duvessa
  7016 | D:5      | Noticed Dowan
  7025 | D:5      | Killed Dowan
  7029 | D:5      | HP: 2/43 [Duvessa/+0 short sword (15)]
  7034 | D:5      | Killed Duvessa
  7097 | D:5      | Found a burning altar of Makhleb.
  7175 | D:5      | Identified the +2 great sword "Tormentor" {venom, Dex+3}
  7483 | D:6      | Reached skill level 7 in Fire Magic
  7662 | D:6      | Reached XP level 9. HP: 34/48 MP: 7/18
  7680 | D:6      | Found a white marble altar of Elyvilon.
  7782 | D:6      | Found a broken altar of Ashenzari.
  7856 | D:6      | Found a glowing silver altar of Zin.
  8121 | D:6      | Reached skill level 5 in Conjurations
  9281 | D:7      | Reached *** piety under Sif Muna
  9282 | D:7      | Reached skill level 8 in Fire Magic
  9285 | D:7      | HP: 2/48 [warg (4)]
  9625 | D:8      | Reached XP level 10. HP: 54/54 MP: 14/21
  9675 | D:8      | Found a flagged portal.
  9704 | Bailey   | Entered a bailey
  9828 | Bailey   | Reached skill level 9 in Fire Magic
 10128 | Bailey   | Noticed a vault guard
 10128 | Bailey   | Noticed Prince Ribbit
 10142 | Bailey   | Killed Prince Ribbit
 10142 | Bailey   | Reached **** piety under Sif Muna
 10154 | Bailey   | Slain by a vault guard

Illustrated notes

Levels and vault maps discovered:
D:1:      kennysheep_arrival_seaside, layout_basic, serial_shops,
          nicolae_shop_bloodbath_and_beyond, feat_on_display
D:2:      layout_loops_cross, uniq_crazy_yiuf_cottage
D:3:      layout_loops_corners, serial_shops, nicolae_lakefront_shop
D:4:      layout_basic
D:5:      lemuel_castle_with_subvaults [lemuel_castle_interior_carwin_1],
          layout_basic, nicolae_overflow_crystal_walls,
          minmay_temple_entry_offerings, uniq_duvessa
D:6:      layout_rooms, grunt_temple_overflow_open
D:7:      layout_basic
D:8:      layout_basic, tgw_kikubaaqudgha, erik_lair_orcish_takeover,
          enter_bailey_6, minmay_splitting_lines
Temple:   hellmonk_temple_of_storms
Bailey:   bailey_axe_froggy_fort_hellmonk, bailey

Skill      XL: |  1  2  3  4  5  6  7  8  9 10 |
---------------+-------------------------------+-----
Dodging        | 2 3 |  3.4
Conjurations   | 2 3 4 6 7 |  7.4
Fire Magic     | 4 5 6 7 8 9 |  9.2
Spellcasting   | 3 4 5 6 7 8 |  8.8
Maces & Flails | 1 |  1.7
Fighting       | 1 2 |  2.6
Stealth        | |  2.1
Translocations | |  0.1
Air Magic      | |  0.1
Invocations    | |  0.1

Action                     |  1- 3 |  4- 6 |  7- 9 | 10-12 || total
---------------------------+-------+-------+-------+-------++-------
  Melee: Club              |    10 |       |       |       ||    10
         Whip              |     2 |     3 |       |       ||     5
         Mace              |       |     8 |     8 |    12 ||    28
         Punch             |       |       |       |     1 ||     1
   Cast: Foxfire           |    66 |   107 |   285 |    51 ||   509
         Scorch            |     1 |    15 |    47 |    10 ||    73
         Kindle Blastspark |       |     1 |     4 |       ||     5
         Flame Wave        |       |       |     5 |     6 ||    11
 Invoke: Channel Magic     |       |       |     1 |       ||     1
    Use: Scroll            |       |    10 |     9 |       ||    19
         Potion            |       |       |     4 |     1 ||     5
 Armour: Robe              |    18 |    13 |    51 |    14 ||    96
         Steam dragon scal |       |       |       |    26 ||    26
  Dodge: Dodged            |    36 |    16 |    59 |    47 ||   158

Table legend: (Time is in decaauts)
 A = Elapsed time spent in this place.
 B = Non-inter-level travel time spent in this place.
 C = Inter-level travel time spent in this place.
 D = Time resting spent in this place.
 E = Time spent auto-exploring this place.
 F = Levels seen in this place.
 G = Mean time per level.
                   A        B        C        D        E       F      G
               +--------+--------+--------+--------+--------+-----+--------+
         Total |  10188 |   9693 |    495 |   1250 |   6304 |  10 | 1018.8 |
       Dungeon |   9678 |   9191 |    487 |    969 |   6283 |   8 | 1209.8 |
        Temple |     43 |     36 |      7 |      0 |     21 |   1 |   43.0 |
        Bailey |    466 |    466 |      0 |    281 |      0 |   1 |  466.0 |
               +--------+--------+--------+--------+--------+-----+--------+

Top non-repeatable levels by time:
     D:5: 2702 daAuts
     D:1: 1376 daAuts
     D:3: 1276 daAuts
     D:2: 1147 daAuts
     D:7: 1013 daAuts
     D:4: 1009 daAuts
     D:6: 791 daAuts
  Bailey: 466 daAuts
     D:8: 361 daAuts
  Temple: 43 daAuts
